 Dungeon Crawl Stone Soup version 0.31-a0-236-g9a0961fb85 (webtiles) character file.

Game seed: 6039330086860878196

1101 qw the Skirmisher (level 8, -16/68 HPs)
             Began as a Minotaur Hexslinger on July 10, 2023.
             Was a Follower of Okawaru.
             Demolished by a yak (17 damage)
             ... on level 6 of the Dungeon.
             The game lasted 00:01:34 (4845 turns).

qw the Skirmisher (Minotaur Hexslinger)             Turns: 4845, Time: 00:01:35

Health: -16/68     AC:  2    Str: 12 (14) XL:     8   Next: 10%
Magic:  9/10       EV: 13    Int: 10      God:    Okawaru [*.....]
Gold:   221        SH:  0    Dex: 14      Spells: 8/9 levels left

rFire   . . .        c - +0 shortbow
rCold   + . .        (shield currently unavailable)
rNeg    . . .        k - +0 ring mail
rPois   .            (helmet restricted)
rElec   .            (no cloak)
rCorr   .            (no gloves)
SInv    .            (no boots)
Will    .....        (no amulet)
Stlth   ++           n - ring of protection from cold
HPRegen 0.31/turn    (no ring)
MPRegen 0.12/turn

%: no passive effects
@: heroic, corroded
A: horns 2, retaliatory headbutt
a: Renounce Religion, Heroism


You were on level 6 of the Dungeon.
You worshipped Okawaru.
Okawaru was aware of your devotion.
You visited 1 branch of the dungeon, and saw 6 of its levels.

You collected 221 gold pieces.


Innate Abilities, Weirdness & Mutations

You have a pair of horns on your head.
You reflexively headbutt those who attack you in melee.


   Skills:
 - Level 5.1(10.1) Fighting
 + Level 8.3(13.3) Ranged Weapons
 - Level 1.0(6.0) Armour
 - Level 2.1(7.1) Dodging
 - Level 1.0 Spellcasting
 - Level 2.0 Hexes
 - Level 4.0 Invocations


You had 8 spell levels left.
You knew the following spells:

 Your Spells              Type           Power      Damage    Failure   Level
a - Slow                  Hex            16%        N/A       30%         1

Your spell library contained the following spells:

 Spells                   Type           Power      Damage    Failure   Level
 Inner Flame              Hex/Fire       2%         N/A       80%         3
 Portal Projectile        Hex/Tloc       4%         N/A       80%         3
 Cause Fear               Hex            2%         N/A       97%         4

Inventory:

Hand Weapons
 c - a +0 shortbow (weapon)
Armour
 k - a +0 ring mail (worn)
Jewellery
 n - a ring of protection from cold (left hand)
Scrolls
 m - a scroll of identify
Potions
 d - 2 potions of curing
 e - a potion of haste {unknown}
 f - a potion of attraction {unknown}
 i - 2 potions of might
 j - a potion of enlightenment {unknown}
 l - a potion of resistance {unknown}

Dungeon Overview and Level Annotations

Branches:
Dungeon (6/15)
 Temple: D:4-7

Altars:
Nemelex Xobeh
Okawaru
Xom
Yredelemnul


Message History

You shoot an arrow. The arrow hits the yak.
The yak is lightly wounded.
The yak gores you.
You shoot an arrow.
The arrow hits the yak but does no damage.
The yak is lightly wounded.
The yak gores you!
You shoot an arrow. The arrow hits the yak.
The yak is lightly wounded.
The jelly hits you.
You are splashed with acid!
The yak closely misses you.
You shoot an arrow. The arrow hits the yak.
The yak is lightly wounded.
The jelly hits you. The acid corrodes you!
You are splashed with acid!
The yak gores you.
You shoot an arrow. The arrow hits the yak.
The yak is moderately wounded.
The jelly barely misses you.
You shoot an arrow. The arrow hits the yak.
The yak is lightly wounded.
You shoot an arrow.
The arrow hits the yak but does no damage.
The yak is moderately wounded.
You shoot an arrow. The arrow closely misses the yak.
The yak misses you.
You shoot an arrow. The arrow hits the yak.
The yak is moderately wounded.
The yak gores you!
The jelly jiggles.
The yak gores you!
You shoot an arrow. The arrow hits the yak.
The yak is heavily wounded.
The yak gores you but does no damage. The yak gores you!
You shoot an arrow. The arrow barely misses the yak.
The yak misses you. The yak barely misses you. You furiously retaliate!
You headbutt the yak. You shoot an arrow.
The arrow hits the yak but does no damage.
The yak is heavily wounded.
The yak gores you. The yak gores you!
You die...

.# .#.# .#.#
..#############.#.###
......J.............)
####.#@###.##....####
#..YY###...).......
#...YY.......#....#
#......#..#..#.##.##
#....#.##.#..# ....
#.........#.!# #.###
#.........#..# #....
....####..#..####.###
.. #.##.)...).# #


You could see 4 yaks and a jelly.

Vanquished Creatures
  An ice beast (D:5)
  An ogre (D:4)
  A black bear (D:4)
  2 centaurs (D:5)
  3 phantoms
  2 scorpions
  A hound (D:4)
  3 iguanas
  Natasha (thrice) (D:2)
  4 gnolls (D:6)
  5 adders
  2 white imps (D:5)
  An ufetubus (D:5)
  2 worms (D:2)
  2 dart slugs
  4 orcs
  6 endoplasms
  2 giant cockroaches
  4 goblins
  2 hobgoblins
  3 jackals (D:5)
  7 kobolds
  4 quokkas
  6 ball pythons
  A bat (D:5)
  2 frilled lizards
  2 rats (D:1)
76 creatures vanquished.

Notes
Turn   | Place    | Note
-------+----------+-------------------------------------------
     0 | D:1      | qw the Minotaur Hexslinger began the quest for the Orb.
     0 | D:1      | Reached XP level 1. HP: 16/16 MP: 1/1
     0 | D:1      | 0 ||| qw: Version: 0.3-a-52-g30416fa
     0 | D:1      | 0 ||| qw: Game counter: 4773
     0 | D:1      | 0 ||| qw: Melee chars always use a shield: true
     0 | D:1      | 0 ||| qw: God list: Okawaru
     0 | D:1      | 0 ||| qw: Allow faded altars: false
     0 | D:1      | 0 ||| qw: Do Orc after clearing Dungeon:15 true
     0 | D:1      | 0 ||| qw: Do second Lair branch before Depths: true
     0 | D:1      | 0 ||| qw: Lair rune preference: random
     0 | D:1      | 0 ||| qw: Goals: Normal
     0 | D:1      | 0 ||| PLANNING D:1-11
    23 | D:1      | Found a faded altar of an unknown god.
   198 | D:1      | Reached skill level 3 in Ranged Weapons
   304 | D:1      | Reached XP level 2. HP: 23/23 MP: 2/2
   698 | D:1      | 698 ||| READING scroll labelled SIPHYPH ROERPHE.
   699 | D:1      | 699 ||| READING scroll labelled OTHUAGG SOEWIZ.
   700 | D:1      | 700 ||| READING scroll labelled JAJEMUD ZYGIRU.
   701 | D:1      | 701 ||| DROPPING scroll of poison.
   860 | D:2      | Noticed Natasha
   868 | D:2      | HP: 6/24 [cerulean imp/+1 spear[Natasha] (2)]
   870 | D:2      | HP: 1/24 [Natasha (3)]
   871 | D:2      | Killed Natasha
   872 | D:2      | Reached XP level 3. HP: 2/29 MP: 3/3
  1099 | D:2      | HP: 6/29 [adder (3)]
  1100 | D:2      | Reached skill level 4 in Ranged Weapons
  1337 | D:2      | Noticed Natasha
  1345 | D:2      | Killed Natasha
  1346 | D:2      | Reached XP level 4. HP: 19/36 MP: 4/4
  1734 | D:2      | Noticed Natasha
  1739 | D:2      | Killed Natasha
  1740 | D:2      | Reached skill level 5 in Ranged Weapons
  1908 | D:2      | 1908 ||| UPGRADING to +0 leather armour.
  1918 | D:2      | 1918 ||| DROPPING +0 robe.
  1919 | D:2      | 1919 ||| UPGRADING to +0 ring mail.
  1929 | D:2      | 1929 ||| DROPPING +0 leather armour.
  1930 | D:2      | 1930 ||| DRINKING 3 fuming emerald potions.
  1931 | D:2      | 1931 ||| DRINKING 2 purple potions.
  1969 | D:3      | Found an iron altar of Okawaru.
  1970 | D:3      | 1970 ||| PLANNING OKAWARU WORSHIP
  1970 | D:3      | 1970 ||| STAIRDANCE
  1974 | D:3      | 1974 ||| STAIRDANCE
  1978 | D:3      | 1978 ||| STAIRDANCE
  1981 | D:2      | Reached skill level 1 in Armour
  2002 | D:3      | Became a worshipper of Warmaster Okawaru
  2003 | D:3      | 2003 ||| PLANNING D:1-11
  2284 | D:3      | Reached XP level 5. HP: 44/44 MP: 5/5
  2356 | D:3      | Found a sparkling altar of Nemelex Xobeh.
  2594 | D:3      | 2594 ||| DROPPING +6 ring of intelligence.
  2595 | D:3      | 2595 ||| UPGRADING to ring of protection from cold.
  2596 | D:3      | 2596 ||| READING scroll labelled AFRIXT JEIPUM.
  2597 | D:3      | 2597 ||| DRINKING 2 orange potions.
  2598 | D:3      | 2598 ||| DROPPING potion of brilliance.
  2645 | D:4      | Reached skill level 3 in Fighting
  2848 | D:4      | Reached skill level 6 in Ranged Weapons
  2886 | D:4      | Noticed an ogre
  2892 | D:4      | Killed an ogre
  2893 | D:4      | Reached XP level 6. HP: 53/53 MP: 6/6
  2973 | D:4      | Reached * piety under Okawaru
  3115 | D:4      | 3115 ||| INVOKING Heroism.
  3121 | D:4      | Reached skill level 7 in Ranged Weapons
  3121 | D:4      | Reached XP level 7. HP: 57/60 MP: 4/7
  3271 | D:4      | 3271 ||| READING scroll labelled JOLUCUE LEHASM.
  3272 | D:4      | 3272 ||| READING 2 scrolls of identify.
  3272 | D:4      | 3272 ||| IDENTIFYING coppery potion
  3281 | D:5      | Entered Level 5 of the Dungeon
  3370 | D:5      | Reached skill level 1 in Invocations
  3531 | D:5      | 3531 ||| DRINKING 2 metallic inky potions.
  3557 | D:5      | Found a shimmering altar of Xom.
  3558 | D:5      | 3558 ||| DROPPING potion of degeneration.
  3707 | D:5      | 3707 ||| INVOKING Heroism.
  3859 | D:5      | Reached skill level 8 in Ranged Weapons
  3933 | D:5      | Reached skill level 3 in Invocations
  3962 | D:5      | 3962 ||| SWAPPING to +0 shortbow.
  3963 | D:5      | 3963 ||| DROPPING +2 sling.
  4046 | D:5      | 4046 ||| Stepping ~*~*~tactically~*~*~ (outnumbered).
  4050 | D:5      | 4050 ||| INVOKING Heroism.
  4061 | D:5      | HP: 11/60 [centaur (5)]
  4062 | D:5      | 4062 ||| DRINKING potion of heal wounds.
  4067 | D:5      | HP: 15/60 [centaur (1)]
  4631 | D:5      | 4631 ||| READING 2 scrolls of identify.
  4631 | D:5      | 4631 ||| IDENTIFYING sedimented dark potion
  4632 | D:5      | 4632 ||| DROPPING potion of lignification.
  4678 | D:6      | Reached XP level 8. HP: 55/68 MP: 9/9
  4722 | D:6      | Found a basalt altar of Yredelemnul.
  4830 | D:6      | 4830 ||| INVOKING Heroism.
  4843 | D:6      | HP: 6/68 [yak (13)]
  4845 | D:6      | HP: 1/68 [yak (6)]
  4845 | D:6      | Demolished by a yak

Levels and vault maps discovered:
D:1:      dpeg_arrival_rhombus, layout_loops_ring,
          chequers_ecumenical_altar_simple_redux, minmay_close_crescents
D:2:      layout_loops_corners, minmay_misc_feat_roman, uniq_natasha
D:3:      layout_basic, okawaru_trees_1, mainiacjoe_overflow_alcove_2,
          minmay_misc_feat_diagonals
D:4:      layout_loops_cross
D:5:      layout_loops_corners, tgw_xom, due_unseen_surprise
D:6:      layout_basic, minitemple, minmay_temple_entry_water_ring

Skill      XL: |  1  2  3  4  5  6  7  8 |
---------------+-------------------------+-----
Ranged Weapons | 3 4 5 6 7 8 |  8.3
Fighting       | 2 4 5 |  5.1
Armour         | 1 |  1.0
Invocations    | 3 4 |  4.0
Dodging        | |  2.1
Spellcasting   | |  1.0
Hexes          | |  2.0

Action                     |  1- 3 |  4- 6 |  7- 9 || total
---------------------------+-------+-------+-------++-------
   Fire: Sling             |    61 |   122 |    84 ||   267
         Shortbow          |       |       |    89 ||    89
 Invoke: Heroism           |       |     1 |     3 ||     4
    Use: Scroll            |     3 |     1 |     3 ||     7
         Potion            |       |     3 |     2 ||     5
 Armour: Robe              |     6 |       |       ||     6
         Ring mail         |       |    12 |    55 ||    67
  Dodge: Dodged            |     8 |    31 |    79 ||   118

Table legend:
 A = Non-vault XP
 B = Vault XP
 C = Vault XP percentage of total XP
 D = Non-vault monster count
 E = Vault monster count
 F = Vault count percentage of total count
                 A         B        C        D         E       F
            +---------+---------+-------+---------+---------+-------
      Total |    1514 |      60 |   3.8 |      69 |       7 |   9.2
            +---------+---------+-------+---------+---------+-------
        D:1 |      20 |       2 |   9.1 |      12 |       1 |   7.7
        D:2 |     110 |      35 |  24.1 |       9 |       1 |  10.0
        D:3 |      33 |       0 |   0.0 |      11 |       0 |   0.0
        D:4 |     537 |       0 |   0.0 |      16 |       0 |   0.0
        D:5 |     613 |      23 |   3.6 |      13 |       5 |  27.8
        D:6 |     201 |       0 |   0.0 |       8 |       0 |   0.0
            +---------+---------+-------+---------+---------+-------
